 Dungeon Crawl Stone Soup version 0.25-a0-36-g303dd5b1f4 (webtiles) character file.

Game seed: 9524011902973407022, levelgen mode: deterministic

55 Dycilia the Shield-Bearer (level 4, 0/37 HPs)
             Began as a Formicid Fighter on Oct 20, 2019.
             Succumbed to a goblin's poison
             ... on level 2 of the Dungeon.
             The game lasted 00:03:59 (1537 turns).

Dycilia the Shield-Bearer (Formicid Fighter)        Turns: 1537, Time: 00:04:00

Health: 0/37       AC:  8    Str: 22    XL:     4   Next: 14%
Magic:  4/4        EV:  8    Int:  7    God:
Gold:   120        SH:  9    Dex: 10    Spells: 3/3 levels left

rFire    . . .     SeeInvis +   a - +0 quarterstaff
rCold    . . .     Gourm    .   c - +0 shield
rNeg     . . .     Faith    .   b - +0 scale mail
rPois    .         Spirit   .   (helmet unavailable)
rElec    .         Reflect  .   n - +0 cloak
rCorr    .         Harm     .   (no gloves)
MR       .....                  (no boots)
Stlth    ..........             (no amulet)
HPRegen  0.12/turn              (no ring)
MPRegen  0.09/turn              (no ring)

@: lethally poisoned (0 -> -6)
A: permanent stasis, dig shafts and tunnels, four strong arms, antennae 3
a: Dig, Shaft Self


You were on level 2 of the Dungeon.
You were not hungry.

You visited 1 branch of the dungeon, and saw 2 of its levels.

You collected 120 gold pieces.

Inventory:

Hand Weapons
 a - a +0 quarterstaff (weapon)
 q - a +0 great mace
Armour
 b - a +0 scale mail (worn)
 c - a +0 shield (worn)
 n - a +0 cloak (worn)
Jewellery
 p - a +6 amulet of reflection {unknown}
Scrolls
 e - 3 scrolls of identify {unknown}
 k - 2 scrolls of remove curse {unknown}
 l - a scroll of random uselessness {unknown}
 m - a scroll of fog {unknown}
 o - a scroll of enchant weapon {unknown}
Potions
 d - a potion of might
 h - a potion of curing {unknown}
 i - a potion of brilliance {unknown}
 j - 2 potions of mutation {unknown}
Comestibles
 f - 3 rations
 g - a chunk of flesh


   Skills:
 + Level 3.8 Fighting
 + Level 2.7 Staves
 + Level 3.8 Armour
 + Level 4.2 Shields


You had 3 spell levels left.
You didn't know any spells.
Your spell library was empty.

Dungeon Overview and Level Annotations

Branches:
Dungeon (2/15)

Altars:

Annotations:
D:2 Robin


Innate Abilities, Weirdness & Mutations

You cannot be hasted, slowed, berserked, paralysed or teleported.
You can dig through walls and to a lower floor.
Your four strong arms can wield two-handed weapons with a shield.
You have a pair of large antennae on your head. (SInv)


Message History

* * * LOW HITPOINT WARNING * * *
You feel sick.
* * * LOW HITPOINT WARNING * * *
You feel sick.
The goblin no longer looks unusually strong.
* * * LOW HITPOINT WARNING * * *
You feel sick.
* * * LOW HITPOINT WARNING * * *
You feel sick.
* * * LOW HITPOINT WARNING * * *
You feel sick.
* * * LOW HITPOINT WARNING * * *
You feel sick.
* * * LOW HITPOINT WARNING * * *
You feel sick.
Robin roars a battlecry!
The goblins go into a battle-frenzy!
* * * LOW HITPOINT WARNING * * *
You feel sick.
You die...

#.#{ #.......#
#................ #g#{#
#......##
####..##......... #.#.#
#.(....# #..######...##
#.#.# ######.#
###..#### #...# ..).#
####.#####.......#
#...# #)###
#.......##(#..##.#
#...# #{#
#.##.##.##รท##.# #
##.##
#g#######.##..........#
#.#
#{)....##.#.(...@..####
.. ######g##.#.###.##.#
#...g..g.g.##... {
##############....
.##.. .# . ..


You could see a goblin.

Vanquished Creatures
  An ooze (D:2)
  A worm (D:2)
  A dart slug (D:1)
  A leopard gecko (D:2)
  11 goblins
  3 hobgoblins
  4 jackals (D:2)
  5 kobolds
  A quokka (D:2)
  5 bats (D:1)
  5 frilled lizards
  2 rats (D:1)
40 creatures vanquished.

Notes
Turn   | Place    | Note
-------+----------+-------------------------------------------
     0 | D:1      | Dycilia the Formicid Fighter began the quest for the Orb.
     0 | D:1      | Reached XP level 1. HP: 18/18 MP: 1/1
     4 | D:1      | Noticed a black mamba
     6 | D:1      | Noticed an anaconda
   152 | D:1      | Reached XP level 2. HP: 24/24 MP: 2/2
   726 | D:2      | Reached skill level 4 in Shields
   726 | D:2      | Reached XP level 3. HP: 29/29 MP: 3/3
  1393 | D:2      | Reached XP level 4. HP: 29/37 MP: 4/4
  1509 | D:2      | Noticed Robin
  1536 | D:2      | HP: 1/37 [poisoned by a goblin]
  1537 | D:2      | Succumbed to a goblin's poison

Levels and vault maps discovered:
D:1:      sevenhm_arrival_forest_fort_small_2, layout_loops_cross,
          serial_forest, infiniplex_forest_clump_C, infiniplex_forest_fountain,
          infiniplex_forest_clump_large, infiniplex_forest_lined_ring
D:2:      layout_loops_cross, uniq_crazy_yiuf_cottage, uniq_sigmund, uniq_robin

Skill      XL: |  1  2 |
---------------+-------+-----
Shields        | 4 |  4.2
Fighting       | |  3.8
Staves         | |  2.7
Armour         | |  3.8

Action                   |  1- 3 |  4- 6 || total
-------------------------+-------+-------++-------
Melee: Quarterstaff      |    95 |    13 ||   108
  Eat: Chunk             |     2 |       ||     2
Armor: Scale mail        |    37 |    14 ||    51
Dodge: Dodged            |    32 |     5 ||    37
Block: Shield            |    50 |    15 ||    65

Table legend:
 A = Non-vault XP
 B = Vault XP
 C = Vault XP percentage of total XP
 D = Non-vault monster count
 E = Vault monster count
 F = Vault count percentage of total count
                 A         B        C        D         E       F
            +---------+---------+-------+---------+---------+-------
      Total |      71 |       8 |  10.1 |      36 |       4 |  10.0
            +---------+---------+-------+---------+---------+-------
        D:1 |      28 |       0 |   0.0 |      17 |       0 |   0.0
        D:2 |      43 |       8 |  15.7 |      19 |       4 |  17.4
            +---------+---------+-------+---------+---------+-------
